3R
MAINE SEA DOGS @ BALLARD BEAVERS
07/17/2042
 
TOP OF THE 1ST
Maine Sea Dogs batting - Pitching for Ballard Beavers : LHP Yoshifumi Oshima
Pitching: LHP Yoshifumi Oshima
Batting: SHB Cristóbal Calzacorta 0-0: Called Strike
0-1: Ball
1-1: Called Strike
1-2: Strikes out swinging
Batting: RHB Phil Hogan 0-0: Called Strike
0-1: Ball
1-1: Foul Ball, location: 2F
1-2: Foul Ball, location: 2F
1-2: Strikes out swinging
Batting: RHB Joe Fuller 0-0: Ball
1-0: Ball
2-0: Ball
3-0: Called Strike
3-1: SINGLE (Groundball, 6M, EV 104.4 MPH) (infield hit)
Batting: SHB José Santos 0-0: Fly out, F9 (Line Drive, 9, EV 93.1 MPH)
Top of the 1st over - 0 runs, 1 hit, 0 errors, 1 left on base; Maine 0 - Ballard 0
BOTTOM OF THE 1ST
Ballard Beavers batting - Pitching for Maine Sea Dogs : LHP Pabiyan Ajiganoff
Pitching: LHP Pabiyan Ajiganoff
Batting: RHB Eli Johnson 0-0: Reached on error, E6 (Groundball, 6, EV 94.4 MPH)
Batting: RHB Kevin Neal 0-0: Called Strike
0-1: Swinging Strike
0-2: Ball
1-2: Ball
2-2: Strikes out looking
Batting: RHB Chip Haines 0-0: Called Strike
0-1: Fly out, F9 (Flyball, 9LSF, EV 90.6 MPH)
Batting: RHB John Reed 0-0: Ball
1-0: Called Strike
1-1: Called Strike
1-2: Strikes out swinging
Bottom of the 1st over - 0 runs, 0 hits, 1 error, 1 left on base; Maine 0 - Ballard 0
TOP OF THE 2ND
Maine Sea Dogs batting - Pitching for Ballard Beavers : LHP Yoshifumi Oshima
Batting: RHB Rutger McGroarty 0-0: Ball
1-0: Ball
2-0: Called Strike
2-1: Foul Ball, location: 2F
2-2: Foul Ball, location: 2F
2-2: Strikes out looking
Batting: LHB Bill Fisher 0-0: Ball
1-0: Ball
2-0: Called Strike
2-1: Foul Ball, location: 2F
2-2: Ball
3-2: Ground out 5-3 (Groundball, 56, EV 100.6 MPH)
Batting: RHB Javier Carrodeguas 0-0: Ball
1-0: Ground out 4-3 (Groundball, 4, EV 86.9 MPH)
Top of the 2nd over - 0 runs, 0 hits, 0 errors, 0 left on base; Maine 0 - Ballard 0
BOTTOM OF THE 2ND
Ballard Beavers batting - Pitching for Maine Sea Dogs : LHP Pabiyan Ajiganoff
Batting: RHB Rich Joyner 0-0: Called Strike
0-1: Ball
1-1: Ball
2-1: Foul Ball, location: 2F
2-2: Ball
3-2: Base on Balls
Batting: RHB José López 0-0: SINGLE (Groundball, 4MD, EV 93.8 MPH)
Rich Joyner to second
Batting: LHB Bill Bass 0-0: Fly out, F6 (Flyball, 56D, EV 80.0 MPH)
Batting: RHB Jim McDermott 0-0: Ball
1-0: Foul Ball, location: 2F
1-1: Swinging Strike
1-2: Foul Ball, location: 2F
1-2: Ball
2-2: Ball
3-2: Strikes out swinging
Batting: LHB Shane Holman 0-0: Called Strike
0-1: Foul Ball, location: 2F
0-2: Ball
1-2: Ball
2-2: Strikes out swinging
Bottom of the 2nd over - 0 runs, 1 hit, 0 errors, 2 left on base; Maine 0 - Ballard 0
TOP OF THE 3RD
Maine Sea Dogs batting - Pitching for Ballard Beavers : LHP Yoshifumi Oshima
Batting: LHB Héctor Ancelno 0-0: Ball
1-0: Ball
2-0: Ball
3-0: Called Strike
3-1: Swinging Strike
3-2: Strikes out looking
Batting: RHB José Arizandieta 0-0: Ball
1-0: Fly out, F7 (Flyball, 7D, EV 80.0 MPH)
Batting: SHB Cristóbal Calzacorta 0-0: Ball
1-0: Ball
2-0: Foul Ball, location: 2F
2-1: Foul Ball, location: 2F
2-2: Strikes out swinging
Top of the 3rd over - 0 runs, 0 hits, 0 errors, 0 left on base; Maine 0 - Ballard 0
BOTTOM OF THE 3RD
Ballard Beavers batting - Pitching for Maine Sea Dogs : LHP Pabiyan Ajiganoff
Batting: RHB Eli Johnson 0-0: Ball
1-0: Ball
2-0: SINGLE (Line Drive, 78S, EV 104.4 MPH)
Batting: RHB Kevin Neal 0-0: Ball
1-0: Called Strike
1-1: Ball
2-1: Swinging Strike
2-2: SINGLE (Groundball, 6D, EV 103.1 MPH)
Eli Johnson to second
Batting: RHB Chip Haines 0-0: Called Strike
0-1: Ball
1-1: Foul Ball, location: 2F
1-2: Ball
2-2: Ball
3-2: SINGLE (Groundball, 34, EV 92.5 MPH) (infield hit)
Eli Johnson to third
Kevin Neal to second
Batting: RHB John Reed 0-0: Foul Ball, location: 2F
0-1: Foul Ball, location: 2F
0-2: Ball
1-2: Ball
2-2: Foul Ball, location: 2F
2-2: Fly out, F7 (Flyball, 7, EV 93.1 MPH)
Runner from 3rd tags up, SCORES, throw by LF
Batting: RHB Rich Joyner 0-0: Called Strike
0-1: Called Strike
0-2: Strikes out swinging
Batting: RHB José López 0-0: Ball
1-0: Foul Ball, location: 2F
1-1: Ball
2-1: Called Strike
2-2: SINGLE (Line Drive, 34D, EV 99.4 MPH)
Kevin Neal to third
Chip Haines to second
Runner from 3rd tries for Home, SAFE, throw by RF to home
Batting: LHB Bill Bass 0-0: Ball
1-0: Called Strike
1-1: Swinging Strike
1-2: Ball
2-2: Foul Ball, location: 2F
2-2: Ball
3-2: Strikes out swinging
Bottom of the 3rd over - 2 runs, 4 hits, 0 errors, 2 left on base; Maine 0 - Ballard 2
TOP OF THE 4TH
Maine Sea Dogs batting - Pitching for Ballard Beavers : LHP Yoshifumi Oshima
Batting: RHB Phil Hogan 0-0: Called Strike
0-1: DOUBLE (Flyball, 9LD, EV 92.5 MPH)
Batting: RHB Joe Fuller 0-0: Ball
1-0: Ground out 4-3 (Groundball, 34, EV 106.9 MPH)
Phil Hogan to third
Batting: SHB José Santos 0-0: Ball
1-0: Called Strike
1-1: Foul Ball, location: 2F
1-2: Ball
2-2: Foul Ball, location: 2F
2-2: Strikes out looking
Batting: RHB Rutger McGroarty 0-0: Swinging Strike
0-1: Foul Ball, location: 2F
0-2: Ball
1-2: Strikes out swinging
Top of the 4th over - 0 runs, 1 hit, 0 errors, 1 left on base; Maine 0 - Ballard 2
BOTTOM OF THE 4TH
Ballard Beavers batting - Pitching for Maine Sea Dogs : LHP Pabiyan Ajiganoff
Batting: RHB Jim McDermott 0-0: Ball
1-0: Foul Ball, location: 2F
1-1: Called Strike
1-2: Strikes out swinging
Batting: LHB Shane Holman 0-0: Reached on error, E3 (Groundball, 3, EV 81.2 MPH)
Batting: RHB Eli Johnson 0-0: Ball
1-0: Grounds into double play, 4-6-3 (Groundball, 4, EV 88.1 MPH)
Bottom of the 4th over - 0 runs, 0 hits, 1 error, 0 left on base; Maine 0 - Ballard 2
TOP OF THE 5TH
Maine Sea Dogs batting - Pitching for Ballard Beavers : LHP Yoshifumi Oshima
Batting: LHB Bill Fisher 0-0: Called Strike
0-1: Ball
1-1: Called Strike
1-2: Strikes out swinging
Batting: RHB Javier Carrodeguas 0-0: Ball
1-0: Ball
2-0: Ball
3-0: Called Strike
3-1: Foul Ball, location: 2F
3-2: Ground out 5-3 (Groundball, 56S, EV 81.9 MPH)
Batting: LHB Héctor Ancelno 0-0: Called Strike
0-1: Swinging Strike
0-2: Foul Ball, location: 2F
0-2: Strikes out looking
Top of the 5th over - 0 runs, 0 hits, 0 errors, 0 left on base; Maine 0 - Ballard 2
BOTTOM OF THE 5TH
Ballard Beavers batting - Pitching for Maine Sea Dogs : LHP Pabiyan Ajiganoff
Batting: RHB Kevin Neal 0-0: Ball
1-0: Swinging Strike
1-1: Foul Ball, location: 2F
1-2: Ball
2-2: Fly out, F8 (Flyball, 8RXD, EV 86.9 MPH)
Batting: RHB Chip Haines 0-0: Foul Ball, location: 2F
0-1: Foul Ball, location: 2F
0-2: Foul Ball, location: 2F
0-2: Ball
1-2: Foul Ball, location: 2F
1-2: Foul Ball, location: 2F
1-2: Fly out, F9 (Flyball, 9S, EV 82.5 MPH)
Batting: RHB John Reed 0-0: Ball
1-0: Foul Ball, location: 2F
1-1: Ball
2-1: Foul Ball, location: 2F
2-2: SINGLE (Groundball, 6MD, EV 98.8 MPH)
Batting: RHB Rich Joyner 0-0: Ball
1-0: Called Strike
1-1: Ball
Wild Pitch!
John Reed to second
2-1: Ball
3-1: Base on Balls
Batting: RHB José López 0-0: Foul Ball, location: 2F
0-1: Foul Ball, location: 2F
0-2: Fly out, F7 (Flyball, 7S, EV 79.4 MPH)
Bottom of the 5th over - 0 runs, 1 hit, 0 errors, 2 left on base; Maine 0 - Ballard 2
TOP OF THE 6TH
Maine Sea Dogs batting - Pitching for Ballard Beavers : LHP Yoshifumi Oshima
Batting: RHB José Arizandieta 0-0: Ball
1-0: Ball
2-0: Fly out, F8 (Line Drive, 8RD, EV 98.1 MPH)
Batting: SHB Cristóbal Calzacorta 0-0: Ball
1-0: SINGLE (Flyball, 8LS, EV 81.9 MPH)
Batting: RHB Phil Hogan 0-0: Called Strike
0-1: Swinging Strike
0-2: Ball
1-2: Ball
2-2: Ball
3-2: Strikes out looking
Batting: RHB Joe Fuller 0-0: Called Strike
0-1: Ball
1-1: Ball
2-1: Fielders Choice at 2nd, 5-4 (Groundball, 56, EV 81.9 MPH)
Top of the 6th over - 0 runs, 1 hit, 0 errors, 1 left on base; Maine 0 - Ballard 2
BOTTOM OF THE 6TH
Ballard Beavers batting - Pitching for Maine Sea Dogs : LHP Pabiyan Ajiganoff
Pitching: LHP Yoshida Sasaki
Batting: LHB Bill Bass 0-0: Called Strike
0-1: Swinging Strike
0-2: Foul Ball, location: 2F
0-2: Strikes out swinging
Batting: RHB Jim McDermott 0-0: Fly out, F9 (Flyball, 89M, EV 80.6 MPH)
Batting: LHB Shane Holman 0-0: Called Strike
0-1: Called Strike
0-2: Foul Ball, location: 2F
0-2: Ball
1-2: Strikes out swinging
Bottom of the 6th over - 0 runs, 0 hits, 0 errors, 0 left on base; Maine 0 - Ballard 2
TOP OF THE 7TH
Maine Sea Dogs batting - Pitching for Ballard Beavers : LHP Yoshifumi Oshima
Batting: SHB José Santos 0-0: Swinging Strike
0-1: Ball
1-1: Called Strike
1-2: Strikes out looking
Batting: RHB Rutger McGroarty 0-0: Ball
1-0: Called Strike
1-1: Ball
2-1: Ball
3-1: Called Strike
3-2: Strikes out swinging
Batting: LHB Bill Fisher 0-0: Called Strike
0-1: Called Strike
0-2: Ball
1-2: Ball
2-2: Foul Ball, location: 2F
2-2: Foul Ball, location: 2F
2-2: Ball
3-2: Foul Ball, location: 2F
3-2: Base on Balls
Pitching: RHP Tom Simon
Batting: RHB Javier Carrodeguas 0-0: Ball
1-0: Called Strike
1-1: Swinging Strike
1-2: Fly out, F8 (Flyball, 8RD, EV 103.8 MPH)
Top of the 7th over - 0 runs, 0 hits, 0 errors, 1 left on base; Maine 0 - Ballard 2
BOTTOM OF THE 7TH
Ballard Beavers batting - Pitching for Maine Sea Dogs : LHP Yoshida Sasaki
Batting: RHB Eli Johnson 0-0: Swinging Strike
0-1: Fly out, F9 (Flyball, 89M, EV 97.5 MPH)
Batting: RHB Kevin Neal 0-0: Called Strike
0-1: Swinging Strike
0-2: Foul Ball, location: 2F
0-2: Strikes out swinging
Batting: RHB Chip Haines 0-0: Swinging Strike
0-1: Swinging Strike
0-2: Foul Ball, location: 2F
0-2: Strikes out swinging
Bottom of the 7th over - 0 runs, 0 hits, 0 errors, 0 left on base; Maine 0 - Ballard 2
TOP OF THE 8TH
Maine Sea Dogs batting - Pitching for Ballard Beavers : RHP Tom Simon
Batting: LHB Héctor Ancelno 0-0: Called Strike
0-1: Swinging Strike
0-2: Ground out 2-3 (Groundball, 15S, EV 68.1 MPH)
Batting: RHB José Arizandieta 0-0: Ball
1-0: Foul Ball, location: 2F
1-1: Swinging Strike
1-2: SINGLE (Flyball, 7S, EV 87.5 MPH)
Batting: SHB Cristóbal Calzacorta 0-0: Called Strike
0-1: Swinging Strike
0-2: Ball
1-2: Strikes out swinging
Batting: RHB Phil Hogan 0-0: Ball
1-0: Fielders Choice at 2nd, 6-4 (Groundball, 6, EV 86.2 MPH)
Top of the 8th over - 0 runs, 1 hit, 0 errors, 1 left on base; Maine 0 - Ballard 2
BOTTOM OF THE 8TH
Ballard Beavers batting - Pitching for Maine Sea Dogs : LHP Yoshida Sasaki
Batting: RHB John Reed 0-0: Called Strike
0-1: Ball
1-1: Foul Ball, location: 2F
1-2: Ball
2-2: Strikes out swinging
Batting: RHB Rich Joyner 0-0: Ball
1-0: Ball
2-0: Ball
3-0: Base on Balls
Batting: RHB José López 0-0: Ball
1-0: Foul Ball, location: 2F
1-1: Ball
2-1: Ground out 4-3 (Groundball, 4S, EV 85.6 MPH)
Rich Joyner to second
Batting: LHB Bill Bass 0-0: Ball
1-0: Called Strike
1-1: Foul Ball, location: 2F
1-2: Strikes out swinging
Bottom of the 8th over - 0 runs, 0 hits, 0 errors, 1 left on base; Maine 0 - Ballard 2
TOP OF THE 9TH
Maine Sea Dogs batting - Pitching for Ballard Beavers : RHP Tom Simon
Pitching: LHP Andy Dundee
Batting: RHB Joe Fuller 0-0: Ball
1-0: Foul Ball, location: 2F
1-1: Swinging Strike
1-2: Ball
2-2: Strikes out looking
Batting: SHB José Santos 0-0: Ground out 6-3 (Groundball, 6, EV 79.4 MPH)
Batting: RHB Rutger McGroarty 0-0: Called Strike
0-1: Ball
1-1: Ball
2-1: Foul Ball, location: 2F
2-2: Ball
3-2: Strikes out swinging
Top of the 9th over - 0 runs, 0 hits, 0 errors, 0 left on base; Maine 0 - Ballard 2
Friday, March 26th, 2021 - OOTP Baseball 20.8 Build 74